 Dungeon Crawl Stone Soup version 0.25.0-41-g26779e291d (webtiles) character file.

Game seed: 4245425948854479750

63 Milting the Poker (level 4, -1/35 HPs)
             Began as a Merfolk Gladiator on July 10, 2020.
             Slain by a goblin
             ... wielding a +0 club
             ... led by Robin
              (4 damage)
             ... on level 2 of the Dungeon.
             The game lasted 00:05:38 (1571 turns).

Milting the Poker (Merfolk Gladiator)               Turns: 1571, Time: 00:05:38

Health: -1/35      AC:  4    Str: 15    XL:     4   Next: 9%
Magic:  4/4        EV: 14    Int:  7    God:
Gold:   70         SH:  0    Dex: 15    Spells: 3/3 levels left

rFire    . . .     SeeInvis .   a - +0 trident
rCold    . . .     Gourm    .   (no shield)
rNeg     . . .     Faith    .   b - +0 leather armour
rPois    .         Spirit   .   c - +0 helmet
rElec    .         Reflect  .   (no cloak)
rCorr    .         Harm     .   (no gloves)
MR       .....                  (no boots)
Stlth    +.........             (no amulet)
HPRegen  0.11/turn              (no ring)
MPRegen  0.09/turn              (no ring)

@: flying
A: change form in water, swift swim, stealthy swim
a: no special abilities


You were on level 2 of the Dungeon.
You were not hungry.

You visited 1 branch of the dungeon, and saw 2 of its levels.

You collected 70 gold pieces.

Inventory:

Hand Weapons
 a - a +0 trident (weapon)
Missiles
 d - 3 throwing nets (quivered)
 e - 57 stones
 g - 10 poisoned darts
Armour
 b - a +0 leather armour (worn)
 c - a +0 helmet (worn)
 k - a +0 ring mail
Scrolls
 h - 2 scrolls of identify {unknown}
 i - a scroll of enchant weapon {unknown}
 l - 3 scrolls of teleportation {unknown}
 n - a scroll of immolation {unknown}
 o - a scroll of noise {unknown}
 q - a scroll of random uselessness {unknown}
Potions
 m - a potion of brilliance {unknown}
 p - a potion of cancellation {unknown}
 r - a potion of stabbing {unknown}
 t - a potion of magic {unknown}
Comestibles
 f - 3 rations
 j - 8 chunks of flesh


   Skills:
 * Level 3.2 Fighting
 * Level 5.4 Polearms
 - Level 2.0 Throwing
 * Level 4.9 Dodging


You had 3 spell levels left.
You didn't know any spells.
Your spell library was empty.

Dungeon Overview and Level Annotations

Branches:
Dungeon (2/15)

Altars:

Annotations:
D:2 Robin


Message History

You kill the hobgoblin!
Robin hits you but does no damage. The goblin hits you but does no damage.
The hobgoblin hits you but does no damage.
It was a potion of flight.
You feel very buoyant.
You fly up into the air.
Robin closely misses you. The goblin hits you but does no damage.
The hobgoblin barely misses you.
You hit the hobgoblin.
You kill the hobgoblin!
Robin closely misses you. The goblin closely misses you.
You hit the worm.
The worm is moderately wounded.
Robin completely misses you. The goblin hits you with a +0 club.
* * * LOW HITPOINT WARNING * * *
You puncture the worm!
The worm is almost dead.
Robin hits you from afar with a cursed -2 spear.
* * * LOW HITPOINT WARNING * * *
The worm barely misses you. The goblin hits you with a +0 club.
You die...

..### ##. .. #....
..... ...... .. .#
...... ....###
#..##. .#.....
...... .......
>..... ##g......
.......
#@w...............
#)#g....#.........
##g##%#.##.........
#.r..###. .........
#..##[#!##.........
#..#.....#.........
#....#.<....#.....#
#.####......#######
#....g....####.....


You could see a worm, Robin, 2 goblins and a rat.

Vanquished Creatures
  2 adders
  A worm (D:2)
  2 dart slugs (D:2)
  2 leopard geckos (D:1)
  7 hobgoblins
  2 kobolds
  A quokka (D:2)
  2 ball pythons
  A bat (D:1)
  2 frilled lizards
  8 goblins
  3 rats
33 creatures vanquished.

Notes
Turn   | Place    | Note
-------+----------+-------------------------------------------
     0 | D:1      | Milting the Merfolk Gladiator began the quest for the Orb.
     0 | D:1      | Reached XP level 1. HP: 16/16 MP: 1/1
   266 | D:1      | Reached XP level 2. HP: 18/23 MP: 2/2
  1003 | D:2      | Reached skill level 5 in Polearms
  1030 | D:1      | Reached XP level 3. HP: 15/28 MP: 3/3
  1544 | D:2      | Identified the +3 helmet "Itagon" {rCorr Slay+3 Stlth+}
  1544 | D:2      | Noticed Robin
  1545 | D:2      | Reached XP level 4. HP: 23/35 MP: 4/4
  1571 | D:2      | Slain by a goblin

Illustrated notes

Levels and vault maps discovered:
D:1:      dpeg_arrival_circle_labyrinth_c, layout_loops_ring
D:2:      layout_rooms, minmay_tall_x, uniq_robin, uniq_sigmund

Skill      XL: |  1  2  3 |
---------------+----------+-----
Polearms       | 5 |  5.4
Fighting       | 3 |  3.2
Throwing       | |  2.0
Dodging        | |  4.9

Action                   |  1- 3 |  4- 6 || total
-------------------------+-------+-------++-------
Melee: Trident           |   119 |    10 ||   129
  Use: Potion            |       |     1 ||     1
  Eat: Chunk             |     2 |       ||     2
Armor: Leather armour    |    22 |     5 ||    27
Dodge: Dodged            |    73 |    20 ||    93
